 Dungeon Crawl Stone Soup version 0.31.0-9-g3a7656b989 (console) character file.

Game seed: 538765595727814186

1005 AlterAsc the Cleaver (level 8, -4/58 HPs)
             Began as a Formicid Fighter on Jan 27, 2024.
             Slain by a gnoll sergeant
             ... wielding a +2 heavy trident
              (23 damage)
             ... on level 6 of the Dungeon.
             The game lasted 00:09:24 (4906 turns).

AlterAsc the Cleaver (Formicid Fighter)             Turns: 4906, Time: 00:09:25

Health: -4/58      AC:  9    Str: 24    XL:     8   Next: 44%
Magic:  8/8        EV:  8    Int:  7    God:
Gold:   214        SH:  5    Dex: 16    Spells: 7/7 levels left

rFire   + . .        a - +0 war axe
rCold   + . .        c - +0 buckler
rNeg    . . .        t - +0 chain mail
rPois   .            (helmet unavailable)
rElec   +            n - scarf {rC+ rF+}
rCorr   .            (no gloves)
SInv    +            (no boots)
Will    +....        (no amulet) Stlth
                     s - ring of Decetyemn {rElec Will+ Dex+3}
HPRegen 0.29/turn    (no ring)
MPRegen 0.11/turn

%: no passive effects
@: no status effects
A: permanent stasis, dig shafts and tunnels, antennae 3, four strong arms
a: Dig, Shaft Self


You were on level 6 of the Dungeon.
You visited 1 branch of the dungeon, and saw 7 of its levels.

You collected 318 gold pieces.
You spent 104 gold pieces at shops.

Inventory:

Hand Weapons
 a - a +0 war axe (weapon)
 d - a +1 spear of flaming
Missiles
 f - a throwing net
 u - 4 poisoned darts
Armour
 b - a +0 scale mail
 c - a +0 buckler (worn)
 n - a scarf of resistance (worn)
 t - a +0 chain mail (worn)
Jewellery
 l - an amulet of faith
 s - the ring of Decetyemn (left hand) {rElec Will+ Dex+3}
   (You found it on level 4 of the Dungeon)

   [ring of willpower]

   Dex+3:     It affects your dexterity (+3).
   rElec:     It insulates you from electricity.
   Will+:     It increases your willpower.
Scrolls
 e - 2 scrolls of vulnerability {unknown}
 i - 4 scrolls of poison {unknown}
 k - a scroll of fog {unknown}
 m - a scroll of torment {unknown}
 r - a scroll of immolation {unknown}
Potions
 h - 2 potions of attraction {unknown}
 j - a potion of brilliance {unknown}
 o - 3 potions of degeneration {unknown}
 p - 2 potions of curing
 q - a potion of invisibility {unknown}


   Skills:
 - Level 3.2 Fighting
 + Level 9.5 Axes
 - Level 3.2 Armour
 - Level 4.0 Shields


You had 7 spell levels left.
You didn't know any spells.
Your spell library contained the following spells:

 Spells                   Type           Power      Damage    Failure   Level
 Mercury Vapours          Alch/Air       0%         N/A       99%         2
 Mephitic Cloud           Conj/Alch/Air  0%         N/A       100%        3
 Freezing Cloud           Conj/Ice/Air   0%         6-21      100%        5


Dungeon Overview and Level Annotations

Branches:
Dungeon (7/15)
 Temple: D:4-7

Altars:
Ashenzari

Shops:
D:2 !

Annotations:
D:3 2 transporters


Innate Abilities, Weirdness & Mutations

You cannot be hasted, slowed, berserked, paralysed or teleported.
You can dig through walls and to a lower floor.
You have a pair of large antennae on your head. (SInv)
Your four strong arms can wield two-handed weapons with a shield.


Message History

You hit the orc wizard.
You kill the orc wizard!
You slash the orc!
You kill the orc!
You block the gnoll sergeant's attack.
The gnoll sergeant hits you with a +2 heavy trident!
Items here: $ ))) [ ††.
You hit the gnoll sergeant.
The gnoll sergeant is lightly wounded.
You barely miss the gnoll sergeant.
The gnoll sergeant is lightly wounded.
You block the gnoll sergeant's attack.
You barely miss the gnoll sergeant.
The gnoll sergeant is lightly wounded.
The gnoll sergeant hits you with a +2 heavy trident!
The gnoll sergeant blocks your attack.
The gnoll sergeant is lightly wounded.
You slash the gnoll sergeant!
The gnoll sergeant is moderately wounded.
You block the gnoll sergeant's attack. The gnoll hits you but does no damage.
The orc hits you but does no damage.
You slash the orc!
You kill the orc!
You hit the gnoll sergeant. The gnoll closely misses you.
You hit the gnoll.
The gnoll is lightly wounded.
The gnoll sergeant blocks your attack. The gnoll sergeant closely misses you.
The gnoll barely misses you. The gnoll hits you but does no damage.
You hit the gnoll.
The gnoll is severely wounded.
You hit the gnoll sergeant.
The gnoll sergeant hits you with a +2 heavy trident!
The gnoll barely misses you. x2
You hit the gnoll.
The gnoll is almost dead.
You hit the gnoll sergeant. The gnoll hits you with a +0 club.
You block the gnoll's attack.
You slash the gnoll!
You kill the gnoll!
You hit the gnoll sergeant.
The gnoll sergeant hits you with a +2 heavy trident!!
You die...

#.....# ..
#...... ..
#...... .#
#...... .#.#
..... .#.###
..g .#...##
#)#.......
#g@..#
#....#
#######....#
#........###
#........#
#........#
#........#
#######.##
#.# #.#
...g.....#
#.#
........#


You could see a gnoll sergeant and a gnoll.

Vanquished Creatures
  2 black bears (D:5)
  An ogre (D:7)
  A phantom (D:6)
  A bombardier beetle (D:4)
  2 gnoll boudas
  2 jellies
  A hound (D:5)
  2 orc priests
  An iguana (D:7)
  4 orc wizards
  10 gnolls
  7 adders
  A white imp (D:5)
  2 ufetubi (D:5)
  2 dart slugs
  18 orcs
  8 ball pythons
  11 endoplasms
  6 giant cockroaches
  8 goblins
  8 hobgoblins
  4 kobolds
  5 quokkas
  6 bats
  2 frilled lizards
  7 rats
122 creatures vanquished.

Notes
Turn   | Place    | Note
-------+----------+-------------------------------------------
     0 | D:1      | AlterAsc the Formicid Fighter began the quest for the Orb.
     0 | D:1      | Reached XP level 1. HP: 18/18 MP: 1/1
   115 | D:1      | Reached XP level 2. HP: 16/24 MP: 2/2
   132 | D:1      | Reached skill level 3 in Axes
   263 | D:1      | Reached XP level 3. HP: 25/29 MP: 3/3
  1060 | D:2      | Reached skill level 4 in Axes
  1060 | D:2      | Reached XP level 4. HP: 34/35 MP: 4/4
  1248 | D:2      | Found Ozogud's Distillery.
  1394 | D:2      | Bought a potion of curing for 39 gold pieces
  1712 | D:3      | Found a transporter.
  1798 | D:3      | Found a transporter.
  1932 | D:2      | Bought a potion of heal wounds for 65 gold pieces
  2161 | D:3      | Reached XP level 5. HP: 40/41 MP: 5/5
  2208 | D:3      | Reached skill level 5 in Axes
  2697 | D:4      | Reached XP level 6. HP: 47/47 MP: 6/6
  2733 | D:4      | Reached skill level 6 in Axes
  2816 | D:4      | Identified the ring of Decetyemn {rElec Will+ Dex+3}
  3462 | D:5      | Entered Level 5 of the Dungeon
  3480 | D:5      | Reached XP level 7. HP: 43/52 MP: 7/7
  3482 | D:5      | Reached skill level 7 in Axes
  3490 | D:5      | You fall into a shaft and drop 2 floors!
  3735 | D:6      | Reached skill level 8 in Axes
  3808 | D:5      | Reached XP level 8. HP: 21/58 MP: 8/8
  4060 | D:5      | Reached skill level 9 in Axes
  4153 | D:5      | Found a broken altar of Ashenzari.
  4906 | D:6      | Slain by a gnoll sergeant

Illustrated notes

Levels and vault maps discovered:
D:1:      eino_arrival_cavern_b, layout_basic, minmay_pentomino_s2
D:2:      kennysheep_six_static_rooms, layout_loops_ring, serial_shops, shop,
          amcnicky_mini_pool_small
D:3:      gammafunk_steamed_eel, layout_loops_ring, serial_park_tiny_pond
D:4:      layout_loops_cross
D:5:      layout_loops_ring, kennysheep_little_box
D:6:      layout_basic, nicolae_ru_path_of_blood, minmay_temple_entry_fiery,
          bh_walls_and_bars, uniq_jeremiah, uniq_pikel
D:7:      layout_basic, old_standard_altar, nicolae_shop_fire_sale
          [nicolae_sub_dead_trees], kennysheep_generic_room_9

Skill      XL: |  1  2  3  4  5  6  7  8 |
---------------+-------------------------+-----
Axes           | 3 4 5 6 8 9 |  9.5
Fighting       | |  3.2
Armour         | |  3.2
Shields        | |  4.0

Action                     |  1- 3 |  4- 6 |  7- 9 || total
---------------------------+-------+-------+-------++-------
  Melee: War axe           |   103 |   190 |    92 ||   385
  Throw: Dart              |       |       |     2 ||     2
Ability: Dig               |       |     1 |       ||     1
         Shaft Self        |       |       |     1 ||     1
    Use: Potion            |       |       |     3 ||     3
         Scroll            |       |       |     1 ||     1
 Armour: Scale mail        |    89 |    94 |       ||   183
         Chain mail        |       |    34 |   125 ||   159
  Dodge: Dodged            |    67 |    80 |    59 ||   206
  Block: Buckler           |    32 |    52 |    43 ||   127
